 Dungeon Crawl Stone Soup version 0.21-a0-528-gf531e82 (webtiles) character file.

120 Amnesiac the Shooter (level 4, 0/34 HPs)
             Began as a Mummy Hunter on Dec 8, 2017.
             Slain by a worker ant (2 damage)
             ... on level 3 of the Dungeon.
             The game lasted 00:02:04 (1503 turns).

Amnesiac the Shooter (Mummy Hunter)                 Turns: 1503, Time: 00:02:05

Health: 0/34       AC:  6    Str: 16    XL:     4   Next: 75%
Magic:  4/4        EV: 10    Int: 10    God:
Gold:   53         SH:  0    Dex: 12    Spells: 3/3 levels left

rFire    x . .     SeeInvis .   b - +0 hunting sling
rCold    + . .     Gourm    .   (no shield)
rNeg     + + +     Faith    .   e - +0 scale mail
rPois    ∞         Spirit   .   (no helmet)
rElec    .         Reflect  .   (no cloak)
rCorr    .         Harm     .   (no gloves)
MR       .....                  (no boots)
Stlth    ..........             (no amulet)
HPRegen  0.11/turn              (no ring)
MPRegen  0.09/turn              (no ring)

@: no status effects
A: no food or potions, fire vulnerability, cold resistance 1, negative energy
resistance 3, torment resistance, unbreathing
a: no special abilities


You were on level 3 of the Dungeon.
You were not hungry.

You visited 1 branch of the dungeon, and saw 3 of its levels.

You collected 53 gold pieces.

Inventory:

Hand Weapons
 a - a +1 shortbow
 b - a +0 hunting sling (weapon)
 m - a +0 short sword
 n - a +0 blowgun
Missiles
 d - 43 arrows
 f - 2 sling bullets (quivered)
 h - 44 bolts
 i - 101 stones
 k - 49 poisoned needles
Armour
 e - a +0 scale mail (worn)
 l - a +0 helmet
Scrolls
 c - 3 scrolls of blinking {!r, unknown}
 g - 2 scrolls of identify {!r, unknown}
 j - a scroll of remove curse {!r, unknown}
 o - a scroll of enchant weapon {!r, unknown}
 p - a scroll of teleportation {!r, unknown}


   Skills:
 + Level 2.6 Fighting
 * Level 3.9 Bows
 + Level 2.1 Armour
 + Level 2.1 Dodging
 - Level 0.7 Stealth


You had 3 spell levels left.
You didn't know any spells.

Dungeon Overview and Level Annotations

Branches:
Dungeon (3/15)

Altars:
Nemelex Xobeh
Trog
Uskayaw
Vehumet
Yredelemnul


Innate Abilities, Weirdness & Mutations

You do not eat or drink.
Your flesh is vulnerable to fire.
You are immune to poison.
Your flesh is cold resistant. (rC+)
You are immune to negative energy. (rN+++)
You are immune to unholy pain and torment.
You can survive without breathing.


Message History

Firing (i - inventory. (,) - cycle):
f - 10 sling bullets (quivered)
Press: ? - help, Shift-Dir - straight line, f/p - worker ant
Aim: a worker ant (heavily wounded)
You shoot a sling bullet.
The sling bullet hits the worker ant but does no damage.
The worker ant is heavily wounded.
The worker ant bites you.
* * * LOW HITPOINT WARNING * * *
Firing (i - inventory. (,) - cycle):
f - 9 sling bullets (quivered)
Press: ? - help, Shift-Dir - straight line, f/p - worker ant
Aim: a worker ant (heavily wounded)
You shoot a sling bullet.
The sling bullet closely misses the worker ant.
The worker ant bites you but does no damage.
The worker ant bites you.
* * * LOW HITPOINT WARNING * * *
Firing (i - inventory. (,) - cycle):
f - 8 sling bullets (quivered)
Press: ? - help, Shift-Dir - straight line, f/p - worker ant
Aim: a worker ant (heavily wounded)
You shoot a sling bullet.
The sling bullet closely misses the worker ant.
The worker ant bites you.
* * * LOW HITPOINT WARNING * * *
You are too injured to fight recklessly!
You are too injured to fight recklessly!
You are too injured to fight recklessly!
You are too injured to fight recklessly!
Firing (i - inventory. (,) - cycle):
f - 7 sling bullets (quivered)
Press: ? - help, Shift-Dir - straight line, f/p - worker ant
Aim: a worker ant (heavily wounded)
You shoot a sling bullet. The sling bullet hits the worker ant.
The worker ant is severely wounded.
The worker ant closely misses you. The worker ant barely misses you.
Unknown command.
Firing (i - inventory. (,) - cycle):
f - 6 sling bullets (quivered)
Press: ? - help, Shift-Dir - straight line, f/p - worker ant
Aim: a worker ant (severely wounded)
You shoot a sling bullet.
The sling bullet barely misses the worker ant.
The worker ant bites you but does no damage.
Unknown command.
Firing (i - inventory. (,) - cycle):
f - 5 sling bullets (quivered)
Press: ? - help, Shift-Dir - straight line, f/p - worker ant
Aim: a worker ant (severely wounded)
You shoot a sling bullet.
The sling bullet closely misses the worker ant.
The worker ant bites you.
* * * LOW HITPOINT WARNING * * *
The worker ant closely misses you.
Unknown command.
Firing (i - inventory. (,) - cycle):
f - 4 sling bullets (quivered)
Press: ? - help, Shift-Dir - straight line, f/p - worker ant
Aim: a worker ant (severely wounded)
You shoot a sling bullet.
The sling bullet barely misses the worker ant.
The worker ant barely misses you.
Unknown command.
Firing (i - inventory. (,) - cycle):
f - 3 sling bullets (quivered)
Press: ? - help, Shift-Dir - straight line, f/p - worker ant
Aim: a worker ant (severely wounded)
You shoot a sling bullet. The sling bullet hits the worker ant.
The worker ant is almost dead.
The worker ant bites you.
You die...

..>...##.##.# ..
.........##.# #.#
######...##.# #..
.........##.# #.#
#######..##.# ###.#
#.......##.# ...#
#.####.###.#
###.###.#########......#
......(.).(.a@......#..###.#
##.###(###########.#......#
#.# #.#.####### #.#
#.#!......# #.# #.#######.#
#.# #.# #.# ... #.# #.# .(.
#.# #.# .(. #.#######.#


You could see a worker ant.

Vanquished Creatures
  An orc priest (D:3)
  An adder (D:2)
  3 oozes
  A worm (D:2)
  2 dart slugs (D:2)
  2 orcs (D:3)
  A ball python (D:2)
  4 bats
  2 giant cockroaches
  9 hobgoblins
  3 jackals (D:2)
  5 kobolds
  6 frilled lizards
  9 goblins
  8 rats
57 creatures vanquished.

Notes
Turn   | Place    | Note
-------+----------+-------------------------------------------
     0 | D:1      | Amnesiac the Mummy Hunter began the quest for the Orb.
     0 | D:1      | Reached XP level 1. HP: 16/16 MP: 1/1
   150 | D:1      | Reached skill level 1 in Armour
   181 | D:1      | Reached XP level 2. HP: 22/22 MP: 2/2
   610 | D:2      | Reached XP level 3. HP: 27/27 MP: 3/3
  1042 | D:2      | Reached XP level 4. HP: 34/34 MP: 4/4
  1044 | D:2      | Found a radiant altar of Vehumet.
  1047 | D:2      | Found a basalt altar of Yredelemnul.
  1050 | D:2      | Found a bloodstained altar of Trog.
  1053 | D:2      | Found a sparkling altar of Nemelex Xobeh.
  1369 | D:3      | Found a hide-covered altar of Uskayaw.
  1501 | D:3      | HP: 1/34 [worker ant (5)]
  1503 | D:3      | Slain by a worker ant

Vault maps used:
D:1:      tarquinn_simple_flora_water_c
D:2:      grunt_temple_overflow_cloverleaf, first_bread
D:3:      nicolae_overflow_crystal_walls

Skill      XL: |  1  2  3  4 |
---------------+-------------+-----
Armour         | 1 2 |  2.1
Dodging        | 2 |  2.1
Fighting       | |  2.6
Bows           | |  3.9
Stealth        | |  0.7

Action                   |  1- 3 |  4- 6 || total
-------------------------+-------+-------++-------
 Fire: Shortbow          |    91 |     5 ||    96
       Hunting sling     |       |    58 ||    58
Armor: Leather armour    |     1 |       ||     1
       Scale mail        |    11 |     7 ||    18
Dodge: Dodged            |    20 |    16 ||    36

Table legend:
 A = Spawn XP
 B = Non-spawn XP
 C = Spawn XP percentage of total XP
 D = Spawn monster count
 E = Non-spawn monster count
 F = Spawn count percentage of total count
 G = Total turns spent on level
                    A         B        C        D         E        F      G
               +---------+---------+-------+---------+---------+-------+---------
         Total |       0 |     172 |   0.0 |       0 |      57 |   0.0 |  1503
               +---------+---------+-------+---------+---------+-------+---------
           D:1 |       0 |      32 |   0.0 |       0 |      18 |   0.0 |   590
           D:2 |       0 |      82 |   0.0 |       0 |      29 |   0.0 |   747
           D:3 |       0 |      58 |   0.0 |       0 |      10 |   0.0 |   166
               +---------+---------+-------+---------+---------+-------+---------
